[Event "Titled Tuesday Blitz October 25 Early 2022"]
[White "Keymer, Vincent"]
[Black "Kim, Sergey"]
[WhiteFideId "12940690"]
[BlackFideId "13700570"]
[WhiteElo "2600"]
[BlackElo "2622"]
[Result "1-0"]
[Round "02"]
[TimeControl "180+1"]
[Date "2022.10.25"]
[WhiteClock "0:00:06"]
[BlackClock "0:01:40"]

1. g3 Nf6 2. Bg2 g6 3. d4 Bg7 4. c4 O-O 5. Nc3 d6 6. Nf3 Nbd7 7. O-O e5 8. e4 exd4 9. Nxd4 Re8 10. h3 Nc5 11. Re1 c6 12. Bf4 Nh5 13. Be3 a5 14. b3 Qb6 15. Rb1 Qc7 16. Qd2 Nf6 17. Qc2 Nfd7 18. Kh2 Ne5 19. Rbd1 Qe7 20. f4 Ned7 21. Bg1 Nf6 22. Nf3 b6 23. e5 dxe5 24. Nxe5 Bb7 25. Nxg6 Qxe1 26. Rxe1 Rxe1 27. Bxc5 bxc5 28. Ne5 Rd8 29. Na4 Red1 30. Nxc5 Bc8 31. Ncd3 Bf5 32. Qxd1 Ne4 33. Qe1 Nf6 34. Nxc6 Re8 35. Nde5 Nd7 36. Qxa5 f6 37. Nxd7 Bxd7 38. Qd5+ 1-0


[Site "https://www.chess.com"]

[Event "Titled Tuesday Blitz October 25 Early 2022"]
[White "Kosakowski, Jakub"]
[Black "Volkov, Maksim"]
[WhiteFideId "1185080"]
[BlackFideId "54123070"]
[WhiteElo "2463"]
[BlackElo "2257"]
[Result "1/2-1/2"]
[Round "02"]
[TimeControl "180+1"]
[Date "2022.10.25"]
[WhiteClock "0:00:07"]
[BlackClock "0:00:05"]

1. d4 d5 2. c4 e6 3. Nc3 c6 4. e4 dxe4 5. Nxe4 Bb4+ 6. Bd2 Qxd4 7. Bxb4 Qxe4+ 8. Ne2 Na6 9. Bf8 Ne7 10. Bxg7 Rg8 11. Bc3 e5 12. Qd2 Bf5 13. f3 Qh4+ 14. Ng3 Rd8 15. Qf2 Be6 16. Ne4 Qf4 17. Be2 Rg6 18. Rd1 Rxd1+ 19. Kxd1 Nf5 20. Bd2 Qh4 21. Qxa7 Bc8 22. Rg1 Nd4 23. Be3 Nxe2 24. Kxe2 f5 25. Qa8 Kd7 26. Rd1+ Kc7 27. Qa7 c5 28. Nxc5 Qxc4+ 29. Nd3 Qb5 30. Rc1+ Rc6 31. Rxc6+ Kxc6 32. Qa8 Kc7 33. Qa7 e4 34. fxe4 fxe4 35. Bf4+ Kc6 36. Qd4 Qxd3+ 37. Qxd3 exd3+ 38. Kxd3 Bf5+ 39. Kd4 Nb4 40. a3 Nd3 41. Bg5 Nxb2 42. Ke5 Bg6 43. Kf6 Nc4 44. Bc1 Kb5 45. g4 Ka4 46. h4 Nxa3 47. h5 Bc2 48. g5 b5 49. g6 hxg6 50. hxg6 b4 51. g7 Bb3 52. Bd2 Nb1 53. Bxb4 Kxb4 54. Ke7 Nc3 55. Kf8 Ne4 56. g8=Q Bxg8 57. Kxg8 1/2-1/2


[Site "https://www.chess.com"]

[Event "Titled Tuesday Blitz October 25 Early 2022"]
[White "Kuderinov, Kirill"]
[Black "Martinez Alcantara, Jose Eduardo"]
[WhiteFideId "13701568"]
[BlackFideId "3805662"]
[WhiteElo "2465"]
[BlackElo "2703"]
[Result "0-1"]
[Round "02"]
[TimeControl "180+1"]
[Date "2022.10.25"]
[WhiteClock "0:00:05"]
[BlackClock "0:00:50"]

1. e4 c5 2. Nf3 d6 3. Bb5+ Bd7 4. Bxd7+ Nxd7 5. O-O Ngf6 6. Re1 g6 7. c3 Bg7 8. d4 cxd4 9. cxd4 O-O 10. Nc3 a6 11. Bg5 Nb6 12. Rc1 Rc8 13. e5 Nfd5 14. Nxd5 Nxd5 15. Qb3 Rxc1 16. Rxc1 dxe5 17. dxe5 Qd7 18. h3 e6 19. a3 Rc8 20. Rxc8+ Qxc8 21. Qd3 Qc7 22. Qe2 Qb6 23. Qc2 h6 24. Qc8+ Kh7 25. Bc1 Qb3 26. Kh2 Qb6 27. Qc2 Qd8 28. Kg1 Ne7 29. Bd2 Nc6 30. Bc3 Qd5 31. Qe2 Kg8 32. h4 h5 33. Kf1 Bf8 34. Ng5 Be7 35. Nf3 b5 36. Qd2 Qc4+ 37. Kg1 a5 38. Qd7 b4 39. axb4 axb4 40. Bd2 Kg7 41. Bg5 Bxg5 42. hxg5 Qc5 43. Qc7 Qd5 44. Kh2 b3 45. Kg1 Nd4 46. Nxd4 Qxd4 47. Qc1 Qxe5 48. Qd2 Qc5 49. g3 e5 50. Kh2 Qc2 51. Qe3 Qxb2 52. Qf3 e4 53. Qxe4 Qxf2+ 54. Kh3 Qf5+ 0-1


[Site "https://www.chess.com"]

[Event "Titled Tuesday Blitz October 25 Early 2022"]
[White "Manukyan, Sargis A."]
[Black "Svane, Frederik"]
[WhiteFideId "13303970"]
[BlackFideId "12923044"]
[WhiteElo "2187"]
[BlackElo "2466"]
[Result "0-1"]
[Round "02"]
[TimeControl "180+1"]
[Date "2022.10.25"]
[WhiteClock "0:01:50"]
[BlackClock "0:00:42"]

1. d4 Nf6 2. e3 g6 3. Nf3 Bg7 4. Be2 O-O 5. O-O b6 6. a4 Bb7 7. a5 c5 8. axb6 axb6 9. Rxa8 Bxa8 10. b3 cxd4 11. Nxd4 d5 12. Bb2 Re8 13. Nc3 e5 14. Nf3 Nbd7 15. Qa1 Bc6 16. Nb5 Qb8 17. Rd1 h5 18. c4 Bxb5 19. cxb5 Qd6 20. Rc1 e4 21. Nd4 Nc5 22. b4 Nd3 23. Bxd3 exd3 24. Nc6 Ng4 25. g3 Bxb2 26. Qxb2 h4 27. Rd1 hxg3 28. hxg3 Nxe3 29. fxe3 Rxe3 30. Qh2 Rxg3+ 31. Kh1 Qf4 32. Nd4 Qe4+ 0-1


[Site "https://www.chess.com"]

[Event "Titled Tuesday Blitz October 25 Early 2022"]
[White "Melikyan, Gnel"]
[Black "Wirig, Anthony"]
[WhiteFideId "54109990"]
[BlackFideId "615013"]
[WhiteElo "2138"]
[BlackElo "2474"]
[Result "0-1"]
[Round "02"]
[TimeControl "180+1"]
[Date "2022.10.25"]
[WhiteClock "0:01:19"]
[BlackClock "0:00:43"]

1. e4 c5 2. Nf3 e6 3. d4 cxd4 4. Nxd4 Nf6 5. Nc3 Nc6 6. Nxc6 bxc6 7. Bd3 e5 8. O-O Bc5 9. Qe2 O-O 10. Rd1 d6 11. Na4 Bd4 12. c3 Bg4 13. Qd2 Bxd1 14. Qxd1 Bb6 15. Nxb6 axb6 16. Bg5 h6 17. Bh4 g5 18. Bg3 Kg7 19. Qf3 Qd7 20. a3 Qg4 21. Qe3 b5 22. f3 Qe6 23. Re1 Nh5 24. Bf2 Nf4 25. Bf1 Rfe8 26. Qd2 Rad8 27. Qc2 d5 28. exd5 Qxd5 29. Be3 Qd6 30. g3 Nd5 31. Bf2 Qf6 32. Kg2 Qg6 33. Qxg6+ Kxg6 34. c4 bxc4 35. Bxc4 f5 36. Rc1 e4 37. fxe4 fxe4 38. Be2 Re6 39. Bg4 Rf6 40. Bd4 Nf4+ 41. gxf4 Rxd4 42. f5+ Kg7 43. Rc2 Rfd6 44. Kf1 Rd2 45. Rxd2 Rxd2 46. b4 Ra2 47. Bh3 Kf6 0-1


[Site "https://www.chess.com"]

[Event "Titled Tuesday Blitz October 25 Early 2022"]
[White "Mladek, Richard"]
[Black "Caruana, Fabiano"]
[WhiteFideId "386588"]
[BlackFideId "2020009"]
[WhiteElo "2271"]
[BlackElo "2847"]
[Result "0-1"]
[Round "02"]
[TimeControl "180+1"]
[Date "2022.10.25"]
[WhiteClock "0:00:11"]
[BlackClock "0:00:13"]

1. d4 Nf6 2. c4 d6 3. Nf3 g6 4. Nc3 Bf5 5. Nh4 Bd7 6. e4 e5 7. Nf3 Nc6 8. Be3 Bg7 9. Be2 Ng4 10. Bg5 f6 11. Bc1 O-O 12. O-O h5 13. d5 Ne7 14. Ne1 Nh6 15. Nd3 Nf7 16. c5 f5 17. a4 f4 18. f3 g5 19. a5 Ng6 20. a6 b6 21. cxd6 Nxd6 22. Nb4 Nh4 23. Bd2 Qf6 24. Be1 Kh8 25. Kh1 Rg8 26. g3 Ng6 27. g4 hxg4 28. fxg4 Bf8 29. Bf3 Rg7 30. Nc6 Nc4 31. Qe2 Ne3 32. Rg1 Rh7 33. Bd2 Bc5 34. Na4 Bd4 35. Rac1 Rh3 36. Nc3 Nh4 37. Rgf1 Nxf3 38. Rxf3 Rxf3 39. Qxf3 Bxg4 40. Qf2 Bh3 41. Nxd4 exd4 42. Nb5 Qe5 43. Rxc7 Qxe4+ 44. Kg1 Re8 45. Nxd4 Ng4 46. Ne6 Rxe6 47. Bc3+ Kg8 48. dxe6 Nxf2 49. Rg7+ Kf8 50. e7+ Ke8 51. Kxf2 Qe3# 0-1


[Site "https://www.chess.com"]

[Event "Titled Tuesday Blitz October 25 Early 2022"]
[White "Oparin, Grigoriy"]
[Black "Sadubayev, Airat"]
[WhiteFideId "24125890"]
[BlackFideId "13713264"]
[WhiteElo "2639"]
[BlackElo "2215"]
[Result "1-0"]
[Round "02"]
[TimeControl "180+1"]
[Date "2022.10.25"]
[WhiteClock "0:01:43"]
[BlackClock "0:00:05"]

1. d4 d5 2. c4 c6 3. Nf3 Nf6 4. Nc3 a6 5. e3 e6 6. b3 Nbd7 7. Bd3 Bd6 8. O-O O-O 9. Bb2 Re8 10. e4 dxe4 11. Nxe4 Nxe4 12. Bxe4 Nf6 13. Bc2 Bc7 14. Qe2 b5 15. c5 Nd5 16. Ne5 Bxe5 17. dxe5 Qg5 18. Rad1 a5 19. Rd4 Ba6 20. Re1 b4 21. Qf3 Rad8 22. Bc1 Qe7 23. Qh3 h6 24. Bxh6 g6 25. Rg4 Nc3 26. Bxg6 fxg6 27. Rxg6+ Kh7 28. Qh5 Qf7 29. Bg7+ Kg8 30. Qh8# 1-0


[Site "https://www.chess.com"]

[Event "Titled Tuesday Blitz October 25 Early 2022"]
[White "Predke, Alexandr"]
[Black "Janaszak, Dawid"]
[WhiteFideId "24107581"]
[BlackFideId "1119206"]
[WhiteElo "2614"]
[BlackElo "2226"]
[Result "1-0"]
[Round "02"]
[TimeControl "180+1"]
[Date "2022.10.25"]
[WhiteClock "0:00:20"]
[BlackClock "0:00:01"]

1. Nf3 g6 2. e4 c5 3. d4 cxd4 4. c3 Nf6 5. e5 Nd5 6. Bc4 Nb6 7. Bb3 d5 8. exd6 Qxd6 9. cxd4 Bg7 10. O-O O-O 11. h3 Nc6 12. Be3 Be6 13. Nc3 Bxb3 14. Qxb3 e6 15. Ne4 Qb4 16. Nc5 Qxb3 17. axb3 Nd5 18. Nxb7 Rfb8 19. Nc5 Bf8 20. Rfc1 Ncb4 21. Nd7 Rb7 22. Nxf8 Kxf8 23. Bh6+ Ke7 24. Ne5 f6 25. Nc6+ Nxc6 26. Rxc6 Rxb3 27. Re1 g5 28. Rexe6+ Kf7 29. Red6 Rb5 30. h4 Rg8 31. hxg5 Rg6 32. Rd7+ Ke8 33. Rxh7 Nb6 34. Re6+ Kd8 35. Rxf6 Rxf6 36. gxf6 Rf5 37. f7 Nd7 38. f8=Q+ Nxf8 39. Rh8 1-0


[Site "https://www.chess.com"]

[Event "Titled Tuesday Blitz October 25 Early 2022"]
[White "Pultinevicius, Paulius"]
[Black "Dobrikov, Marco"]
[WhiteFideId "12809390"]
[BlackFideId "12950378"]
[WhiteElo "2500"]
[BlackElo "2140"]
[Result "1-0"]
[Round "02"]
[TimeControl "180+1"]
[Date "2022.10.25"]
[WhiteClock "0:01:21"]
[BlackClock "0:01:21"]

1. d4 Nf6 2. c4 g6 3. Nc3 Bg7 4. e4 d6 5. Nf3 O-O 6. Be2 c6 7. O-O Nbd7 8. Be3 e5 9. d5 cxd5 10. cxd5 a6 11. a4 Ng4 12. Bg5 Bf6 13. Bd2 Be7 14. h3 Ngf6 15. Bh6 Re8 16. Be3 Nh5 17. Re1 b6 18. b4 a5 19. Qb3 axb4 20. Qxb4 Nc5 21. Rab1 Bd7 22. Nd2 Nf4 23. Qxb6 Nxa4 24. Nxa4 Rxa4 25. Bf1 Qxb6 26. Rxb6 Rea8 27. Rb7 Rd8 28. Bb6 Rb4 29. Bxd8 Rxb7 30. Bxe7 Bxh3 31. Bxd6 1-0


[Site "https://www.chess.com"]

[Event "Titled Tuesday Blitz October 25 Early 2022"]
[White "Rodchenkov, Sergey D."]
[Black "Eljanov, Pavel"]
[WhiteFideId "4168712"]
[BlackFideId "14102951"]
[WhiteElo "2277"]
[BlackElo "2601"]
[Result "0-1"]
[Round "02"]
[TimeControl "180+1"]
[Date "2022.10.25"]
[WhiteClock "0:00:04"]
[BlackClock "0:00:35"]

1. e4 e5 2. Nf3 Nc6 3. Bc4 Bc5 4. d3 Nf6 5. c3 O-O 6. O-O d6 7. Bb3 a5 8. Bc2 h6 9. h3 Re8 10. Re1 d5 11. exd5 Nxd5 12. Ba4 Bd6 13. Nbd2 Bd7 14. Nc4 Qf6 15. Nfd2 Qg6 16. Kh1 Nf4 17. Rg1 Nxd3 18. Qf1 e4 19. Bc2 Bc5 20. Ne3 Nce5 21. Bxd3 Nxd3 22. Nb3 Bb6 23. Bd2 f5 24. Nd4 c5 25. Ne2 Bc6 26. Nc4 Bc7 27. g3 e3+ 28. f3 exd2 0-1


[Site "https://www.chess.com"]

[Event "Titled Tuesday Blitz October 25 Early 2022"]
[White "Salgado Lopez, Ivan"]
[Black "Suleymanli, Suleyman"]
[WhiteFideId "2257327"]
[BlackFideId "13416375"]
[WhiteElo "2594"]
[BlackElo "2204"]
[Result "1-0"]
[Round "02"]
[TimeControl "180+1"]
[Date "2022.10.25"]
[WhiteClock "0:00:06"]
[BlackClock "0:00:04"]

1. d4 d5 2. Nf3 Bf5 3. c4 e6 4. Nc3 Nf6 5. Nh4 Be4 6. e3 c6 7. f3 Bg6 8. Bd2 Be7 9. Nxg6 hxg6 10. Qc2 Na6 11. cxd5 exd5 12. Bxa6 bxa6 13. O-O-O Rb8 14. Kb1 Qb6 15. Na4 Qb5 16. Rc1 O-O 17. Ka1 Rfc8 18. h4 Nd7 19. h5 gxh5 20. Rxh5 g6 21. Rh6 Bf8 22. Rh2 c5 23. dxc5 Nxc5 24. Nc3 Qd3 25. Rhh1 Bg7 26. Rhd1 Qc4 27. Be1 d4 28. exd4 Bxd4 29. Rb1 Rb5 30. Rxd4 Qxd4 31. Nxb5 axb5 32. Bc3 Qa4 33. Rh1 Kf8 34. Qe2 f6 35. Bxf6 Nb3+ 36. Kb1 Qc4 37. Qe7+ Kg8 38. Qg7# 1-0


[Site "https://www.chess.com"]

[Event "Titled Tuesday Blitz October 25 Early 2022"]
[White "Sanal, Vahap"]
[Black "Danielyan, Vahe"]
[WhiteFideId "6300545"]
[BlackFideId "13304828"]
[WhiteElo "2574"]
[BlackElo "2421"]
[Result "1-0"]
[Round "02"]
[TimeControl "180+1"]
[Date "2022.10.25"]
[WhiteClock "0:00:40"]
[BlackClock "0:00:02"]

1. Nf3 d5 2. b3 Bg4 3. Bb2 Bxf3 4. exf3 Nf6 5. g3 Nbd7 6. Bg2 e6 7. O-O Bd6 8. f4 O-O 9. d3 a5 10. a3 c6 11. Nd2 Qe7 12. Nf3 c5 13. Re1 a4 14. bxa4 Nb6 15. Rb1 Nxa4 16. Ba1 d4 17. Ne5 Rfb8 18. Nc4 Ra7 19. Rb5 Qd7 20. Qb1 Be7 21. Ne5 Qc7 22. Nc6 bxc6 23. Rxb8+ Bf8 24. Rb3 g6 25. Qd1 Bd6 26. Qe2 Kg7 27. Reb1 h5 28. c3 c4 29. dxc4 d3 30. Qd2 e5 31. fxe5 Bxe5 32. Re1 Nc5 33. Rbb1 Rxa3 34. Bb2 Ra2 35. Qe3 Na4 36. Bc1 Ng4 37. Qxd3 Nxc3 38. Rb2 Rxb2 39. Bxb2 Qb6 40. Bxc3 Qxf2+ 41. Kh1 Kh7 42. Rf1 Qc5 43. Rxf7+ Kh6 44. Bd2+ g5 45. Qh7# 1-0


[Site "https://www.chess.com"]

[Event "Titled Tuesday Blitz October 25 Early 2022"]
[White "Sarana, Alexey"]
[Black "Papp, Levente"]
[WhiteFideId "24133795"]
[BlackFideId "751243"]
[WhiteElo "2689"]
[BlackElo "2380"]
[Result "1-0"]
[Round "02"]
[TimeControl "180+1"]
[Date "2022.10.25"]
[WhiteClock "0:00:42"]
[BlackClock "0:00:09"]

1. c4 c5 2. Nf3 Nf6 3. Nc3 g6 4. e4 d6 5. d4 cxd4 6. Nxd4 Bg7 7. Be2 O-O 8. Be3 Nc6 9. O-O Bd7 10. Qc2 Rc8 11. Rad1 Ng4 12. Bxg4 Bxg4 13. f3 Bd7 14. Qe2 Qa5 15. Nd5 Rfe8 16. b3 e6 17. Nxc6 bxc6 18. Nf4 d5 19. Qd2 Qxd2 20. Rxd2 e5 21. Nd3 d4 22. Nc5 dxe3 23. Rxd7 Bf8 24. Na6 Red8 25. Rfd1 e2 26. Rxd8 Rxd8 27. Re1 Rd2 28. a4 Rb2 29. Kf2 Rxb3 30. Rxe2 Rb6 31. Nc7 Rb7 32. Ne8 Be7 33. Rd2 Kf8 34. Nd6 c5 35. Rd5 Rd7 36. Nc8 Rxd5 37. exd5 a6 38. d6 Bd8 39. d7 f5 40. Ke2 Kf7 41. Nd6+ Ke7 42. Nb7 Kxd7 43. Nxc5+ Kc6 44. Nxa6 Be7 45. c5 Bxc5 46. Kd3 Bd6 47. Kc4 Kb6 48. Nb4 Bxb4 49. Kxb4 e4 50. fxe4 fxe4 51. Kc4 e3 52. Kd3 Ka5 53. Kxe3 Kxa4 54. Kf4 Kb5 55. Kg5 Kc4 56. Kh6 Kd3 57. Kxh7 g5 58. Kg6 1-0


[Site "https://www.chess.com"]

[Event "Titled Tuesday Blitz October 25 Early 2022"]
[White "Sargsyan, Anna M."]
[Black "Matlakov, Maxim"]
[WhiteFideId "13308130"]
[BlackFideId "4168003"]
[WhiteElo "2284"]
[BlackElo "2669"]
[Result "0-1"]
[Round "02"]
[TimeControl "180+1"]
[Date "2022.10.25"]
[WhiteClock "0:00:04"]
[BlackClock "0:00:29"]

1. d4 d5 2. c4 c6 3. Nf3 Nf6 4. Nc3 dxc4 5. a4 Bf5 6. Ne5 Nbd7 7. Nxc4 Nb6 8. Nxb6 axb6 9. a5 bxa5 10. Bg5 h6 11. Bxf6 exf6 12. e3 Bb4 13. Be2 O-O 14. O-O Re8 15. Rc1 Qe7 16. Na4 g6 17. Nb6 Rad8 18. Nc4 Kg7 19. Ra1 Qc7 20. Bd3 Be6 21. Qc2 c5 22. dxc5 Qxc5 23. Nxa5 Rxd3 24. Qxd3 Bxa5 25. Rfc1 Qe5 26. Qa3 Bc7 27. f4 Qd6 28. Qxd6 Bxd6 29. Ra7 Bd5 30. Kf2 Bc6 31. Rc4 g5 32. g3 h5 33. b4 Re6 34. Rd4 Bc7 35. b5 Bb6 36. bxc6 Bxa7 37. cxb7 Rb6 38. Rd7 Bb8 39. Kf3 Rb4 40. h3 Ba7 41. fxg5 fxg5 42. g4 h4 43. Ke2 Rb3 44. Kd2 Bxe3+ 45. Kc2 Rb6 46. Kd3 Bf4 47. Kc4 Rb1 48. Kc5 Kg6 49. Kc6 f6 50. Rd4 Rb3 51. Rc4 Be5 52. Rc5 Bb8 53. Rd5 Rxh3 54. Rd8 Rc3+ 55. Kb5 Bf4 56. Rd4 Rb3+ 57. Kc6 h3 0-1


[Site "https://www.chess.com"]

[Event "Titled Tuesday Blitz October 25 Early 2022"]
[White "Seliverstov, Vladimir"]
[Black "Palchuk, Andrii"]
[WhiteFideId "4192036"]
[BlackFideId "14176688"]
[WhiteElo "2489"]
[BlackElo "2338"]
[Result "1-0"]
[Round "02"]
[TimeControl "180+1"]
[Date "2022.10.25"]
[WhiteClock "0:01:16"]
[BlackClock "0:00:36"]

1. d4 Nf6 2. c4 e6 3. g3 d5 4. Bg2 dxc4 5. Nf3 Nc6 6. Qa4 Bb4+ 7. Bd2 Nd5 8. Qb5 Bxd2+ 9. Nfxd2 O-O 10. e3 Rb8 11. Qxc4 Nce7 12. Nc3 c6 13. O-O b5 14. Qc5 a5 15. Nce4 Nb4 16. a3 Na6 17. Qc2 a4 18. Rac1 h6 19. Nc5 Nc7 20. Nf3 Rb6 21. Ne5 Qd6 22. Rfd1 Ned5 23. Qd2 f6 24. Ne4 Qe7 25. Nxc6 Qe8 26. Nb4 Bd7 27. Nc5 Nxb4 28. Qxb4 Bc6 29. Qa5 Qb8 30. Bxc6 Rxc6 31. Nd7 Rxc1 32. Rxc1 1-0


[Site "https://www.chess.com"]

[Event "Titled Tuesday Blitz October 25 Early 2022"]
[White "Skliarov, Viktor"]
[Black "Maghsoodloo, Parham"]
[WhiteFideId "14106736"]
[BlackFideId "12539929"]
[WhiteElo "2284"]
[BlackElo "2676"]
[Result "0-1"]
[Round "02"]
[TimeControl "180+1"]
[Date "2022.10.25"]
[WhiteClock "0:00:12"]
[BlackClock "0:01:41"]

1. e4 c5 2. Nf3 e6 3. c3 Nf6 4. Bd3 d5 5. e5 Nfd7 6. Bc2 d4 7. d3 Nc6 8. Ba4 Qc7 9. Bf4 a6 10. Bxc6 Qxc6 11. c4 b5 12. b3 Bb7 13. Nbd2 Be7 14. Ne4 f5 15. exf6 gxf6 16. Nh4 O-O-O 17. cxb5 axb5 18. a4 b4 19. Rc1 Rhg8 20. Qh5 f5 21. Ng5 Rde8 22. Nhf3 e5 23. Bd2 Bxg5 24. Bxg5 Qg6 25. Qxg6 Rxg6 26. h4 h6 27. h5 Rxg5 28. Nxg5 hxg5 29. h6 Rh8 30. Rh5 Kc7 31. Rxg5 Rxh6 32. Rxf5 Bxg2 33. Kd2 Bd5 34. Rb1 Kd6 35. a5 Kc6 36. a6 Kb6 37. Ra1 Ka7 38. Rg5 Rxa6 39. Rxa6+ Kxa6 40. f4 Bxb3 41. fxe5 Kb7 42. Rg7 Kc8 43. Re7 Kd8 44. Rg7 Nxe5 45. Ke2 Bc2 46. Rb7 b3 0-1


[Site "https://www.chess.com"]

[Event "Titled Tuesday Blitz October 25 Early 2022"]
[White "Vlassov, Nikolai"]
[Black "Madaminov, Mukhiddin"]
[WhiteFideId "4103360"]
[BlackFideId "14210703"]
[WhiteElo "2324"]
[BlackElo "2341"]
[Result "0-1"]
[Round "02"]
[TimeControl "180+1"]
[Date "2022.10.25"]
[WhiteClock "0:00:06"]
[BlackClock "0:00:07"]

1. e4 e5 2. Bc4 Nf6 3. d3 Nc6 4. Nf3 h6 5. Nc3 d6 6. h3 Na5 7. Be3 c6 8. Qe2 Be7 9. d4 Nxc4 10. Qxc4 Nxe4 11. Nxe4 d5 12. Qd3 f5 13. Nxe5 fxe4 14. Qe2 O-O 15. O-O Bd6 16. f3 Bf5 17. fxe4 Bxe4 18. Rxf8+ Qxf8 19. Rf1 Qe7 20. Bf4 Rf8 21. Bg3 Rxf1+ 22. Kxf1 c5 23. c3 Qg5 24. Qe1 cxd4 25. cxd4 Bxe5 26. dxe5 h5 27. h4 Qf5+ 28. Kg1 d4 29. Qf2 Qg4 30. Kh2 d3 31. Qd2 Qe6 32. b3 Qd5 33. Bf4 Bf5 34. Qe3 a6 35. Kg3 Be4 36. Qd2 Qd7 37. Kh2 Qg4 38. Bg3 Kh7 39. Be1 Bg6 40. Qf2 Be4 41. Bd2 Qg6 42. Qg3 Qe6 43. Qf4 Bg6 44. Qe3 Kg8 45. Kg1 Qg4 46. Qf4 Qe2 47. Kh2 Be4 48. Qg5 Kh7 49. e6 Bg6 50. e7 Qe6 51. Qe3 Qc6 52. Kg1 Kg8 53. Kh2 Kf7 54. Kg1 Ke8 55. Bb4 Be4 56. Qd4 Qc1+ 57. Kh2 Qf4+ 58. Kg1 Qc1+ 59. Kh2 Qc7+ 60. Kg1 Bf5 61. Qxg7 Qc1+ 62. Kh2 Qf4+ 63. Qg3 Qxb4 64. Qe5 Qxh4+ 65. Kg1 Qe4 66. Qb8+ Kxe7 67. Qc7+ Kf6 68. Qd8+ Kg6 69. Qg8+ Kf6 70. Qd8+ Ke5 71. Qh8+ Kf4 72. Qh6+ Kg4 73. Qh7 Bxh7 0-1


[Site "https://www.chess.com"]

[Event "Titled Tuesday Blitz October 25 Early 2022"]
[White "Zemlyanskii, Ivan"]
[Black "Filgueira, Hernan"]
[WhiteFideId "24249971"]
[BlackFideId "101770"]
[WhiteElo "2107"]
[BlackElo "2363"]
[Result "0-1"]
[Round "02"]
[TimeControl "180+1"]
[Date "2022.10.25"]
[WhiteClock "0:00:01"]
[BlackClock "0:00:54"]

1. d4 d5 2. c4 e6 3. Nf3 Nf6 4. Qc2 c6 5. Nbd2 Nbd7 6. g3 Bd6 7. Bg2 O-O 8. O-O Re8 9. e4 dxe4 10. Nxe4 Nxe4 11. Qxe4 e5 12. Bg5 f6 13. Be3 exd4 14. Qxd4 Bc5 15. Qc3 Bxe3 16. fxe3 Qe7 17. e4 Ne5 18. Nd4 Be6 19. b3 Rad8 20. Rad1 Bc8 21. Qa5 b6 22. Qc3 Bg4 23. Rd2 Qc5 24. Kh1 h6 25. h3 Bc8 26. Rfd1 Qe7 27. Qe3 c5 28. Ne2 Rxd2 29. Qxd2 Bb7 30. Nf4 Nf7 31. Nd5 Qe5 32. Qf4 Ng5 33. Nc7 Re7 34. Rd8+ Kh7 35. Nd5 Bxd5 36. exd5 Qxf4 37. gxf4 Nf7 38. Rc8 f5 39. Rc6 Rd7 40. Re6 Nd6 41. Bf1 h5 42. Bd3 g6 43. Kg2 Kg7 44. Kg3 Nf7 45. a3 Nd8 46. Re3 Kf7 47. b4 Nb7 48. Re6 Nd6 49. Kh4 Kg7 50. Kg5 Nf7+ 51. Kh4 Nd6 52. Kg3 Nf7 53. bxc5 bxc5 54. Rc6 Re7 55. Kf3 Rb7 56. Rxc5 Rb3 57. Ke3 g5 58. Rb5 Rxa3 59. c5 gxf4+ 60. Kd4 Nd8 0-1


[Site "https://www.chess.com"]

[Event "Titled Tuesday Blitz October 25 Early 2022"]
[White "Al Hosani, Omran"]
[Black "Seliverstov, Vladimir"]
[WhiteFideId "9308733"]
[BlackFideId "4192036"]
[WhiteElo "2167"]
[BlackElo "2489"]
[Result "0-1"]
[Round "03"]
[TimeControl "180+1"]
[Date "2022.10.25"]
[WhiteClock "0:00:03"]
[BlackClock "0:00:05"]

1. d4 g6 2. c4 Bg7 3. Nf3 d6 4. e3 Nd7 5. Be2 e5 6. O-O f5 7. dxe5 dxe5 8. e4 Ngf6 9. Nc3 O-O 10. Bg5 c6 11. c5 h6 12. Bxf6 Qxf6 13. b4 f4 14. Nd2 Qg5 15. Nc4 Nf6 16. f3 Bh3 17. Rf2 Rad8 18. Nd6 Kh7 19. Qa4 Rd7 20. Qxa7 Ne8 21. Rd1 Nxd6 22. Rxd6 Rfd8 23. Rxd7 Rxd7 24. Bf1 Be6 25. Qa3 Qd8 26. Qc1 Rd4 27. a3 Bf8 28. Rb2 b6 29. cxb6 Qxb6 30. Kh1 Qa7 31. b5 Bxa3 32. Qa1 Qc5 33. Rc2 Bb3 34. Re2 cxb5 35. Re1 b4 36. Nb5 Rd2 37. Qb1 Ba2 38. Qa1 h5 39. Nxa3 bxa3 40. Rc1 Qd4 41. Rc7+ Kh6 42. Rc1 h4 43. h3 Qxa1 44. Rxa1 Kg5 45. Kg1 Kf6 46. Rc1 Ke7 47. Rc7+ Kd6 48. Ra7 Rd1 49. Kf2 Be6 50. Rxa3 Ke7 51. Ra7+ Kf6 52. Ra6 Rd4 53. Ra3 Ke7 54. Rd3 Rxd3 55. Bxd3 Kd6 56. Ke2 Kc5 57. Kd2 Kd4 58. Bb5 Bc4 59. Be8 g5 60. Bh5 Bf1 61. Ke1 Bxg2 62. Bg4 Ke3 63. Bh5 Bxf3 0-1


[Site "https://www.chess.com"]

[Event "Titled Tuesday Blitz October 25 Early 2022"]
[White "Bagrationi, Alexander"]
[Black "Keymer, Vincent"]
[WhiteFideId "14104954"]
[BlackFideId "12940690"]
[WhiteElo "2398"]
[BlackElo "2600"]
[Result "1/2-1/2"]
[Round "03"]
[TimeControl "180+1"]
[Date "2022.10.25"]
[WhiteClock "0:00:08"]
[BlackClock "0:00:04"]

1. d4 Nf6 2. Nf3 d5 3. g3 Bf5 4. Bg2 e6 5. O-O h6 6. c4 c6 7. b3 Nbd7 8. Bb2 Be7 9. Nbd2 O-O 10. e3 a5 11. a3 a4 12. cxd5 cxd5 13. b4 Nb6 14. Rc1 Rc8 15. Ne5 Nfd7 16. Qe2 Bc2 17. Qb5 Bd6 18. Bf3 Bxe5 19. dxe5 Rc6 20. Bd4 Qc7 21. Be2 Rc8 22. f4 Bh7 23. Rxc6 bxc6 24. Bxb6 Nxb6 25. Qc5 Nd7 26. Qc3 c5 27. Rc1 c4 28. Nf3 Be4 29. Nd4 Nb8 30. g4 Qa7 31. Nb5 Qa6 32. Nd6 Rc7 33. Nxe4 dxe4 34. Bxc4 Qb7 35. Qd4 Nc6 36. Qc5 Ne7 37. Qd4 h5 38. h3 Qc8 39. b5 Nd5 40. b6 Nxb6 41. Qxb6 Rxc4 42. Rxc4 Qxc4 43. Qd4 Qc1+ 44. Kf2 Qxa3 45. gxh5 Qb3 46. h6 a3 47. Qd8+ Kh7 48. Qg5 gxh6 49. Qe7 Qb2+ 50. Kg3 Kg8 51. Qd8+ Kh7 52. Qe7 Qb8 53. Qxf7+ Kh8 54. Qf6+ Kg8 55. Qxe6+ Kf8 56. Qf6+ Kg8 57. Qe6+ Kh8 58. Qf6+ Kg8 59. Qe6+ 1/2-1/2


[Site "https://www.chess.com"]

[Event "Titled Tuesday Blitz October 25 Early 2022"]
[White "Beerdsen, Thomas"]
[Black "Gabdrakhmanov, Azat"]
[WhiteFideId "1030108"]
[BlackFideId "34189197"]
[WhiteElo "2567"]
[BlackElo "2233"]
[Result "1-0"]
[Round "03"]
[TimeControl "180+1"]
[Date "2022.10.25"]
[WhiteClock "0:02:03"]
[BlackClock "0:00:43"]

1. e4 c5 2. Nf3 e6 3. d4 cxd4 4. Bg5 Ne7 5. Nxd4 a6 6. Nd2 h6 7. Bh4 g5 8. Bg3 Bg7 9. Nc4 Nbc6 10. Nxc6 Nxc6 11. Nd6+ Kf8 12. c3 Be5 13. Bxe5 Nxe5 14. Qd4 f6 15. h4 gxh4 16. O-O-O Nf7 17. Rxh4 Nxd6 18. Qxd6+ Qe7 19. Qf4 e5 20. Qe3 Kg7 21. Rg4+ Kh7 22. Bc4 d5 23. Qxh6+ 1-0


[Site "https://www.chess.com"]

[Event "Titled Tuesday Blitz October 25 Early 2022"]
[White "Caruana, Fabiano"]
[Black "Dardha, Daniel"]
[WhiteFideId "2020009"]
[BlackFideId "240990"]
[WhiteElo "2847"]
[BlackElo "2528"]
[Result "1-0"]
[Round "03"]
[TimeControl "180+1"]
[Date "2022.10.25"]
[WhiteClock "0:02:14"]
[BlackClock "0:00:33"]

1. e4 e5 2. Nf3 Nc6 3. Bb5 Nf6 4. d3 Bc5 5. Bxc6 dxc6 6. Nbd2 Nd7 7. Nc4 O-O 8. Qe2 f6 9. Bd2 Rf7 10. g4 Nb6 11. Rg1 Nxc4 12. dxc4 h6 13. O-O-O Qe8 14. Nh4 Be6 15. Nf5 b5 16. cxb5 Bxa2 17. h4 Be6 18. g5 fxg5 19. hxg5 Bxf5 20. exf5 Rxf5 21. Qc4+ Qf7 22. Qxc5 Qa2 23. Qa3 Qxa3 24. bxa3 hxg5 25. bxc6 Raf8 26. Be3 R8f6 27. Bxa7 Rxc6 28. Be3 Ra6 29. Rd3 e4 30. Rc3 Rfa5 31. Kb2 Rb5+ 32. Rb3 Rf5 33. Rxg5 Rf7 34. Rb4 Re6 35. a4 Rb6 36. Bxb6 1-0


[Site "https://www.chess.com"]